Map: Catalyst LE

Players

Neeb - Winner!

  • Race: Protoss Protoss
  • Spawn Location: 5:00

Elazer

  • Race: Zerg Zerg
  • Spawn Location: 11:00

Event: WCS Leipzig 2018

VOD

Have the link to the VOD?

Description

Time

  • Played on: Jan. 27, 2018, 10:14 a.m.
  • Length: 12:22

All games in this series

Show
View Real Time Build Order
Export as new Build Order

Neeb Protoss - Winner!

Build Orders: 1 Gate Expand, Oracle Opening, Phoenix Opening 

Get SALT Encoding   

  12  0:00  Probe  
  13  0:13  Probe  
  14  0:19  Pylon  
  14  0:25  Probe  
  15  0:32  Assimilator  
  15  0:37  Probe (Chrono Boost)  
  16  0:44  Gateway  
  16  0:49  Probe (Chrono Boost)  
  17  0:55  Probe (Chrono Boost)  
  18  1:03  Probe  
  19  1:15  Probe  
  20  1:24  Nexus  
  20  1:33  Cybernetics Core  
  20  1:36  Probe  
  21  1:42  Assimilator  
  21  1:48  Probe  
  21  1:51  Pylon  
  22  2:00  Probe  
  23  2:07  Adept (Chrono Boost)  
  23  2:08  Probe  
  23  2:14  Stargate  
  26  2:16  Probe  
  27  2:26  Adept (Chrono Boost)  
  27  2:27  Probe  
  30  2:31  Warp Gate  
  30  2:36  Probe  
  31  2:39  Probe  
  32  2:47  Adept (Chrono Boost)  
  32  2:48  Probe  
  36  2:51  Probe  
  36  3:00  Probe  
  36  3:01  Oracle (Chrono Boost)  
  40  3:06  Probe  
  40  3:09  Pylon  
  40  3:12  Probe  
  42  3:18  Probe  
  43  3:24  Probe  
  44  3:30  Probe  
  44  3:32  Phoenix (Chrono Boost)  
  47  3:34  Gateway  
  47  3:37  Probe  
  47  3:38  Gateway  
  48  3:42  Probe  
  49  3:48  Pylon  
  49  3:49  Probe  
  49  3:53  Assimilator  
  49  3:54  Probe, Oracle (Chrono Boost)  
  49  3:55  Assimilator  
  54  4:06  Probe x2, Pylon  
  56  4:10  Twilight Council  
  56  4:18  Probe x2  
  56  4:23  Pylon  
  58  4:26  Oracle (Chrono Boost)  
  58  4:30  Probe x2  
  63  4:37  Adept x3  
  69  4:43  Probe x2, Resonating Glaives (Chrono Boost)  
  69  4:44  Pylon  
  71  4:55  Probe x2  
  73  5:05  Nexus  
  73  5:07  Adept, Pylon  
  73  5:13  Adept  
  77  5:14  Adept  
  77  5:15  Probe  
  77  5:17  Probe  
  79  5:22  Robotics Facility  
  79  5:28  Probe  
  80  5:29  Probe  
  81  5:40  Probe, Adept x3  
  81  5:41  Probe  
  81  5:42  Pylon  
  89  5:52  Probe  
  90  5:58  Shield Battery  
  90  6:00  Shield Battery  
  90  6:01  Probe  
  91  6:07  Adept x3  
  91  6:08  Probe  
  96  6:13  Probe, Shield Battery  
  96  6:17  Probe, Immortal (Chrono Boost)  
  98  6:20  Probe  
  98  6:21  Assimilator  
  104  6:25  Probe  
  104  6:26  Assimilator  
  104  6:29  Probe  
  104  6:32  Probe  
  106  6:36  Sentry x2  
  106  6:37  Probe, Sentry  
  109  6:41  Probe  
  109  6:46  Immortal (Chrono Boost)  
  114  6:48  Shield Battery  
  114  6:51  Probe, Shield Battery  
  115  6:54  Pylon  
  115  6:55  Probe, Forge  
  115  6:56  Robotics Bay  
  115  6:58  Probe  
  117  7:02  Pylon  
  117  7:04  Pylon  
  117  7:09  Robotics Facility  
  117  7:12  Probe  
  118  7:15  Immortal (Chrono Boost)  
  118  7:21  Sentry x3  
  126  7:26  Pylon  
  126  7:27  Pylon  
  126  7:34  Gateway x2  
  126  7:39  Gateway  
  126  7:41  Pylon  
  126  7:48  Stalker x3  
  126  7:49  Protoss Ground Weapons Level 1 (Chrono Boost)  
  135  7:51  Extended Thermal Lance (Chrono Boost)  
  135  7:52  Colossus (Chrono Boost)  
  135  8:04  Colossus (Chrono Boost)  
  141  8:10  Probe  
  142  8:13  Pylon  
  142  8:18  Adept  
  144  8:27  Adept x2  
  144  8:30  Colossus (Chrono Boost)  
  149  8:36  Probe x2  
  149  8:41  Colossus (Chrono Boost)  
  155  8:57  Gateway  
  155  8:58  Gateway  
  155  8:59  Blink (Chrono Boost)  
  155  9:08  Stalker x4  
  155  9:09  Nexus, Pylon  
  163  9:11  Protoss Ground Weapons Level 2 (Chrono Boost)  
  163  9:17  Observer  
  164  9:27  Gateway  
  164  9:29  Gateway  
  164  9:35  Stalker x4  
  164  9:36  Stalker x2  
  176  9:40  Observer, Photon Cannon  
  177  9:48  Photon Cannon  
  177  9:50  Photon Cannon  
  168  10:15  Colossus (Chrono Boost)  
  168  10:16  Colossus (Chrono Boost)  
  170  10:21  Stalker x6  
  142  10:43  Stalker x2  
  142  10:44  Probe x4  
  142  10:45  Assimilator  
  142  10:47  Assimilator  
  142  10:49  Stalker x4  
  158  10:56  Probe  
  158  11:03  Observer  
  145  11:06  Colossus  
  145  11:10  Stalker x5  
  142  11:26  Observer  
  142  11:28  Probe  
  134  11:33  Probe  
  134  11:34  Stalker x7  
Show
View Real Time Build Order
Export as new Build Order

Elazer Zerg 

Build Orders: Hatch First, Lurkers 

Get SALT Encoding   

  12  0:00  Drone  
  13  0:12  Overlord  
  13  0:17  Drone  
  14  0:30  Drone x2  
  16  0:48  Hatchery  
  15  0:51  Drone  
  15  0:55  Drone  
  17  0:58  Drone  
  18  1:10  Extractor  
  17  1:13  Spawning Pool  
  17  1:16  Drone  
  17  1:20  Drone  
  18  1:28  Drone  
  19  1:38  Drone  
  20  1:49  Overlord  
  20  1:59  Queen  
  20  2:00  Zergling x2, Queen  
  20  2:01  Zergling x2  
  26  2:10  Drone  
  26  2:11  Drone  
  26  2:13  Metabolic Boost  
  29  2:22  Drone  
  29  2:23  Drone  
  30  2:37  Hatchery  
  30  2:40  Drone  
  30  2:45  Queen  
  30  2:49  Overlord  
  32  2:52  Zergling x2  
  32  2:54  Zergling x2  
  32  2:56  Drone  
  35  3:03  Drone  
  36  3:08  Drone x2  
  36  3:10  Drone  
  36  3:11  Drone x2  
  41  3:16  Drone  
  41  3:17  Overlord  
  42  3:23  Queen  
  44  3:30  Spore Crawler  
  44  3:32  Drone  
  44  3:35  Spore Crawler  
  44  3:37  Drone x2  
  44  3:38  Drone  
  44  3:40  Drone  
  47  3:42  Drone  
  47  3:47  Drone  
  49  3:48  Overlord  
  49  3:50  Drone  
  49  3:52  Drone  
  49  3:53  Drone  
  52  3:59  Drone x2, Overlord  
  54  4:03  Drone  
  54  4:04  Drone  
  54  4:08  Lair  
  56  4:14  Drone x2  
  56  4:15  Extractor  
  57  4:17  Drone  
  57  4:18  Drone  
  57  4:19  Extractor  
  57  4:22  Drone  
  57  4:23  Spore Crawler  
  58  4:29  Roach Warren  
  58  4:30  Drone x2  
  59  4:33  Zergling x4  
  61  4:40  Drone x3  
  61  4:42  Overlord  
  61  4:43  Zergling x2  
  61  4:44  Zergling x2  
  66  4:51  Overlord  
  65  4:53  Overlord  
  65  4:59  Zergling x4  
  66  5:02  Drone x2  
  66  5:03  Drone  
  67  5:07  Overlord  
  67  5:08  Glial Reconstitution  
  67  5:10  Roach x3  
  72  5:14  Roach x2  
  72  5:19  Drone x3  
  79  5:26  Roach x3  
  85  5:32  Overlord  
  85  5:33  Drone x3  
  85  5:34  Drone  
  80  5:37  Drone  
  80  5:39  Drone  
  80  5:42  Hydralisk Den  
  79  5:43  Drone  
  80  5:50  Drone x4  
  80  5:53  Overlord  
  80  5:55  Drone x2  
  80  5:56  Drone  
  88  5:57  Drone  
  88  6:00  Drone, Extractor  
  88  6:02  Drone x2  
  90  6:11  Overlord  
  90  6:14  Roach x2  
  90  6:15  Queen  
  95  6:19  Roach x2  
  99  6:26  Hydralisk x3, Spore Crawler  
  99  6:29  Drone x3  
  99  6:31  Drone  
  99  6:32  Drone  
  101  6:34  Drone  
  101  6:35  Drone  
  101  6:36  Drone  
  101  6:38  Drone  
  102  6:44  Drone x2  
  103  6:47  Drone  
  103  6:50  Drone x4  
  103  6:53  Drone  
  109  6:58  Drone x3  
  112  7:01  Evolution Chamber  
  112  7:07  Overlord  
  111  7:08  Hydralisk  
  111  7:09  Hydralisk x2  
  111  7:11  Muscular Augments  
  111  7:14  Extractor x2, Overlord  
  115  7:21  Overlord  
  115  7:23  Drone x3  
  115  7:26  Hydralisk  
  115  7:28  Drone, Hatchery  
  120  7:31  Ravager, Zerg Missile Weapons Level 1  
  120  7:32  Ravager x2  
  123  7:40  Drone  
  123  7:42  Drone  
  123  7:43  Drone x2  
  121  7:46  Drone x3  
  121  7:47  Hydralisk  
  121  7:48  Hydralisk  
  127  7:53  Lurker Den  
  127  7:55  Overlord  
  127  7:56  Hydralisk  
  128  8:01  Hydralisk x4  
  136  8:08  Drone, Overlord  
  136  8:12  Hydralisk x3  
  137  8:17  Ravager  
  144  8:24  Overlord  
  140  8:29  Drone x3, Overlord  
  140  8:30  Drone x2  
  137  8:36  Hydralisk, Overlord  
  137  8:37  Hydralisk x4  
  145  8:43  Drone x4  
  149  8:50  Drone x5  
  149  8:52  Overseer  
  149  8:53  Overseer  
  154  9:00  Overlord  
  154  9:01  Drone x3  
  157  9:10  Overlord  
  157  9:11  Hydralisk x2  
  161  9:20  Lurker x2  
  161  9:22  Lurker  
  161  9:23  Lurker x3  
  167  9:24  Zergling x2  
  167  9:25  Zergling x12  
  167  9:31  Zerg Missile Weapons Level 2  
  174  9:34  Zergling x12  
  174  9:37  Lurker  
  181  9:43  Overlord  
  181  9:46  Hydralisk x3  
  181  9:50  Zergling x2  
  181  9:51  Zergling x14  
  195  9:56  Overlord  
  193  10:01  Drone  
  193  10:02  Spire  
  193  10:04  Extractor  
  193  10:05  Drone x3, Infestation Pit  
  194  10:08  Drone x2  
  194  10:13  Drone x2  
  178  10:16  Hydralisk x4  
  177  10:23  Overlord  
  177  10:24  Hydralisk  
  177  10:25  Hydralisk x2  
  174  10:29  Hydralisk  
  174  10:33  Hydralisk x2  
  157  10:38  Overlord  
  157  10:39  Drone  
  157  10:41  Overlord  
  157  10:42  Hydralisk x2  
  162  10:51  Hydralisk x3  
  162  10:53  Hydralisk  
  162  10:54  Hydralisk  
  162  10:56  Hatchery  
  168  10:57  Zergling x10  
  168  10:58  Zergling x2  
  168  11:01  Roach x2  
  169  11:05  Roach  
  169  11:06  Roach x3  
  169  11:09  Hive  
  168  11:11  Zergling x2  
  168  11:12  Zergling x4  
  171  11:25  Hydralisk x3  
  140  11:26  Hydralisk x4  
  140  11:32  Hydralisk  
  129  11:33  Hydralisk  
  129  11:36  Hydralisk x2  
  129  11:38  Zergling x12  
  131  11:40  Zergling x4  
  131  11:47  Roach x7  
  142  11:50  Roach x2  
  149  11:56  Roach x4  
Tags
 
Add a new tag
Caveats
  • Supply blocks, unpowered buildings, or Contaminate may cause inaccurate times.
  • Supply counts are checked every 10 seconds.